 Dungeon Crawl Stone Soup version 0.30-a0-964-gd452b5e7fa (webtiles) character file.

Game seed: 4778928949857589670

52 juan097 the Chopper (level 3, -2/46 HPs)
             Began as a Minotaur Berserker on Mar 30, 2023.
             Was a Believer of Trog.
             Constricted to death by Robin (3 damage)
             ... on level 2 of the Dungeon.
             The game lasted 00:01:35 (874 turns).

juan097 the Chopper (Minotaur Berserker)             Turns: 874, Time: 00:01:35

Health: -2/46      AC:  2    Str: 23    XL:     3   Next: 60%
Magic:  2/2        EV:  9    Int:  4    God:    Trog [**....]
Gold:   11         SH:  0    Dex:  9    Spells: 2/2 levels left

rFire   . . .      SeeInvis .    a - +0 hand axe
rCold   . . .      Faith    .    (no shield)
rNeg    . . .      Spirit   .    b - +0 animal skin
rPois   .          Reflect  .    (helmet restricted)
rElec   .          Rampage  .    (no cloak)
rCorr   .                        (no gloves)
Will    .....                    (no boots) Stlth
                                 (no amulet)
HPRegen 0.27/turn                (no ring)
MPRegen 0.08/turn                (no ring)

@: berserking, grasped by roots, constricted, very quick
A: horns 2, retaliatory headbutt
a: Renounce Religion, Berserk, Trog's Hand


You were on level 2 of the Dungeon.
You worshipped Trog.
Trog was pleased with you.
You visited 1 branch of the dungeon, and saw 2 of its levels.

You collected 30 gold pieces.
You spent 19 gold pieces at shops.

Inventory:

Hand Weapons
 a - a +0 hand axe (weapon)
Armour
 b - a +0 animal skin (worn)
Scrolls
 e - a scroll of identify {unknown}
 f - a scroll of enchant weapon {unknown}
 g - a scroll of enchant armour {unknown}
 h - a scroll of amnesia {unknown}
Potions
 c - a potion of magic {unknown}
 d - 3 potions of invisibility {unknown}


   Skills:
 - Level 3.6 Fighting
 + Level 5.6 Axes
 - Level 2.4 Armour
 - Level 2.1 Dodging


You had 2 spell levels left.
You didn't know any spells.
Your spell library was empty.

Dungeon Overview and Level Annotations

Branches:
Dungeon (2/15)

Altars:

Shops:
D:1 *

Annotations:
D:2 Robin


Innate Abilities, Weirdness & Mutations

You have a pair of horns on your head.
You reflexively headbutt those who attack you in melee.


Message History

The goblin is moderately wounded.
The goblin hits you with a +0 club. Robin throws the goblin at you!
You hit the goblin.
You kill the goblin!
Trog accepts your kill.
You barely miss the goblin. The goblin closely misses you.
Robin zaps a wand.
The roots erupt in riotous growth!
The goblin is unaffected.
The grasping roots grab you!
The hobgoblin is unaffected.
Robin is unaffected.
The grasping roots constrict you.
A red film seems to cover your vision as you go berserk!
You feel yourself moving faster!
You feel mighty! The goblin hits you but does no damage.
Robin throws the goblin at you! The grasping roots constrict you.
The goblin hits you but does no damage.
You are too injured to fight recklessly!
Unknown command.
You are too injured to fight recklessly!
You slash the goblin!
You kill the goblin!
Trog accepts your kill.
You closely miss the goblin. The goblin hits you with a +0 club.
* * * LOW HITPOINT WARNING * * *
The grasping roots constrict you.
* * * LOW HITPOINT WARNING * * *
You slash the goblin!
You kill the goblin!
Trog accepts your kill.
You closely miss the hobgoblin. The hobgoblin barely misses you.
The grasping roots constrict you.
* * * LOW HITPOINT WARNING * * *
You slash the hobgoblin!
You kill the hobgoblin!
Trog accepts your kill.
The roots grasp on you weakens, but your attempt to escape fails.
The grasping roots constrict you.
* * * LOW HITPOINT WARNING * * *
You slash Robin!
Robin is almost dead.
Robin hits you but does no damage. The grasping roots constrict you.
You die...

####..........# ..
#.......<....##
... #.##.........#
#.# #.##..##...###
#..####.##.....###
##....#......####
#..##....##.##
#..))..##.#
....##@#.##.#
.#.###g#.#..## #
#..........
#..........
#..........
#..........
...........
............
...........?.


You could see Robin.

Vanquished Creatures
  2 dart slugs
  6 endoplasms (D:1)
  A giant cockroach (D:1)
  13 goblins
  6 hobgoblins
  2 quokkas (D:1)
  A ball python (D:1)
  2 bats (D:1)
  2 frilled lizards (D:1)
  2 kobolds (D:1)
  5 rats (D:1)
42 creatures vanquished.

Notes
Turn   | Place    | Note
-------+----------+-------------------------------------------
     0 | D:1      | juan097 the Minotaur Berserker began the quest for the Orb.
     0 | D:1      | Reached XP level 1. HP: 19/19 MP: 0/0
    51 | D:1      | Reached skill level 4 in Axes
    87 | D:1      | Found Ugugadeb's Assorted Antiques.
   110 | D:1      | Reached XP level 2. HP: 18/26 MP: 1/1
   120 | D:1      | Bought a puce potion for 19 gold pieces
   316 | D:1      | Reached skill level 5 in Axes
   369 | D:1      | Reached ** piety under Trog
   370 | D:1      | Reached XP level 3. HP: 27/31 MP: 2/2
   628 | D:1      | Found a faded altar of an unknown god.
   853 | D:2      | Noticed Robin
   873 | D:2      | HP: 1/46 [constriction (4)]
   874 | D:2      | Constricted to death by Robin

Illustrated notes

Levels and vault maps discovered:
D:1:      amcnicky_arrival_abandoned_market, layout_basic, serial_shops, shop,
          shapermc_ecumenical_altar_mp_vishouse
D:2:      layout_rooms, hangedman_decor_push, minmay_pentomino_v2, uniq_robin

Skill      XL: |  1  2 |
---------------+-------+-----
Axes           | 4 5 |  5.6
Fighting       | |  3.6
Armour         | |  2.4
Dodging        | |  2.1

Action                     || total
---------------------------++-------
  Melee: Hand axe          ||    70
         Headbutt          ||     9
 Invoke: Berserk           ||     1
 Armour: Animal skin       ||    18
  Dodge: Dodged            ||    39

Table legend: (Time is in decaauts)
 A = Elapsed time spent in this place.
 B = Non-inter-level travel time spent in this place.
 C = Inter-level travel time spent in this place.
 D = Time resting spent in this place.
 E = Time spent auto-exploring this place.
 F = Levels seen in this place.
 G = Mean time per level.
                   A        B        C        D        E       F      G
               +--------+--------+--------+--------+--------+-----+--------+
         Total |    876 |    857 |     19 |      0 |    672 |   2 |  438.0 |
       Dungeon |    876 |    857 |     19 |      0 |    672 |   2 |  438.0 |
               +--------+--------+--------+--------+--------+-----+--------+

Top non-repeatable levels by time:
     D:1: 838 daAuts
     D:2: 38 daAuts
